 Dungeon Crawl Stone Soup version 0.29-a0-378-gc08b2e8bf8 (webtiles) character file.

Game seed: 10788910056190887068

747 asterach the Ruffian (level 7, -2/37 HPs)
             Began as a Vine Stalker Fighter on May 4, 2022.
             Was an Initiate of Cheibriados.
             Slain by an orc
             ... wielding a +0 trident
              (6 damage)
             ... on level 6 of the Dungeon.
             The game lasted 00:26:38 (4420 turns).

asterach the Ruffian (Vine Stalker Fighter)         Turns: 4420, Time: 00:26:38

Health: -2/37      AC: 10    Str: 22    XL:     7   Next: 77%
Magic:  0/8        EV:  8    Int:  9    God:    Cheibriados [......]
Gold:   207        SH:  5    Dex: 14    Spells: 6/6 levels left

rFire   . . .      SeeInvis .     - Unarmed
rCold   + . .      Faith    .   b - +0 buckler
rNeg    + . .      Spirit   +   A - +0 chain mail
rPois   .          Reflect  .   (no helmet)
rElec   .          Harm     .   (no cloak)
rCorr   .          Rampage  .   (no gloves)
Will    .....                   n - +0 pair of boots
Stlth   ..........              p - amulet of the acrobat
HPRegen 0.92/turn               o - ring of positive energy
MPRegen 0.11/turn               j - ring of protection from cold

@: mighty, very slow
A: fangs 2, regeneration 1, magic shield, antimagic bite, no potion heal 2
a: Renounce Religion


You were on level 6 of the Dungeon.
You worshipped Cheibriados.
Cheibriados was noncommittal.
You visited 2 branches of the dungeon, and saw 7 of its levels.

You collected 231 gold pieces.
You spent 24 gold pieces at shops.

Inventory:

Hand Weapons
 x - a +4 dagger
Armour
 a - a +0 scale mail
 b - a +0 buckler (worn)
 n - a +0 pair of boots (worn)
 A - a +0 chain mail (worn)
Jewellery
 j - a ring of protection from cold (right hand)
 o - a ring of positive energy (left hand)
 p - an amulet of the acrobat (around neck)
Wands
 y - a wand of polymorph (4)
 B - a wand of acid (10)
Scrolls
 d - a scroll of magic mapping
 f - 2 scrolls of torment
 g - 2 scrolls of enchant weapon
 h - a scroll of immolation
 k - a scroll of fear {unknown}
 q - a scroll of amnesia {unknown}
 r - a scroll of poison
 s - a scroll of enchant armour {unknown}
 v - 2 scrolls of fog {unknown}
 w - a scroll of identify
Potions
 e - 4 potions of curing
 i - a potion of resistance {unknown}
 l - a potion of mutation
 m - 4 potions of flight
 t - a potion of haste {unknown}
 u - 2 potions of brilliance {unknown}
 z - a potion of attraction {unknown}


   Skills:
 + Level 3.9 Fighting
 + Level 3.8 Armour
 + Level 1.5 Dodging
 + Level 0.7 Stealth
 + Level 3.6 Shields
 + Level 5.9 Unarmed Combat


You had 6 spell levels left.
You didn't know any spells.
Your spell library contained the following spells:

 Spells                   Type           Power      Damage    Failure   Level
 Animate Skeleton         Necr           0%         N/A       99%         1
 Pain                     Necr           0%         1d4       99%         1
 Corpse Rot               Necr/Air       0%         N/A       100%        2
 Poisonous Vapours        Pois/Air       0%         N/A       100%        2
 Vampiric Draining        Necr           0%         2d6       100%        3


Dungeon Overview and Level Annotations

Branches:
Dungeon (6/15)             Temple (1/1) D:5

Altars:
Ashenzari
Cheibriados
Dithmenos
Elyvilon
Fedhas
Gozag
Hepliaklqana
Kikubaaqudgha
Makhleb
Nemelex Xobeh
Okawaru
Qazlal
Ru
Trog
Uskayaw
Vehumet
Wu Jian
Yredelemnul
Zin
The Shining One

Shops:
D:4 *


Innate Abilities, Weirdness & Mutations

You have extremely sharp teeth.
Your natural rate of healing is unusually fast.
When hurt, damage is shared between your health and your magic reserves.
Your bite disrupts and absorbs the magic of your enemies.
Potions cannot restore your health.


Message History

The orc priest miscasts a cantrip.
The orc barely misses you.
You punch the orc priest!
The orc priest is heavily wounded.
The orc hits you but does no damage. The orc barely misses you.
You hit the orc priest.
The orc priest is heavily wounded.
The orc hits you with a +0 club. The orc hits you but does no damage.
The orc priest mumbles some strange prayers to Beogh against you.
Pain shoots through your body! The orc attacks as you move away!
The orc hits you with a +0 club. You block the orc's attack.
The orc priest completely misses you.
The orc priest attacks as you move away!
The orc priest closely misses you.
The orc priest miscasts a cantrip.
The orc priest looks encouraged for a moment.
The orc priest calls down the wrath of Beogh upon you.
Pain shoots through your body!
You barely miss the orc. You bite the orc!
You kill the orc!
Cheibriados appreciates the change of pace.
The orc priest mumbles some strange prayers to Beogh against you.
Beogh smites you!
You are too injured to fight recklessly!
You punch the orc!
You kill the orc!
Cheibriados appreciates the change of pace.
The orc priest calls down the wrath of Beogh upon you.
Beogh smites you!
You punch the orc priest!
You kill the orc priest!
Cheibriados appreciates the change of pace.
The orc hits you but does no damage.
The orc priest mumbles some strange prayers to Beogh against you.
Beogh smites you!
* * * LOW HITPOINT WARNING * * *
Okay, then.
You feel very mighty all of a sudden.
The orc hits you from afar with a +0 trident!
You die...

.....# #..# .....#
...# ....## #..##
....# ##....# ...##
#.....## ...#
##.o....# ..##
#.o#....# ..# ##)##
....# .## ##)@#
...# .## #..## ..#
..## #.## .# ...##
#.### # #...## #
#.# #...#
##...###.....#...##
##...##.....#....#
##...#.#.#.#....#
##..#.....#....##


You could see an orc priest and an orc.

Vanquished Creatures
  An ogre (D:5)
  A necrophage (D:4)
  A scorpion (D:4)
  A howler monkey (D:5)
  2 hounds (D:5)
  3 jellies (D:4)
  2 orc priests
  Ijyb (D:5)
  An iguana (D:5)
  2 orc wizards
  9 adders
  A shadow imp (D:5)
  A worm (D:2)
  2 dart slugs (D:1)
  8 orcs
  17 endoplasms
  A giant cockroach (D:3)
  9 goblins
  13 hobgoblins
  2 jackals (D:3)
  3 quokkas
  10 ball pythons
  6 bats
  8 frilled lizards
  9 kobolds
  7 rats
  A bush (D:2)
122 creatures vanquished.

Vanquished Creatures (others)
  3 fungi (D:4)
  A plant (D:2)
  7 toadstools (D:4)
11 creatures vanquished.

Grand Total: 133 creatures vanquished

Notes
Turn   | Place    | Note
-------+----------+-------------------------------------------
     0 | D:1      | asterach the Vine Stalker Fighter began the quest for the
                  | Orb.
     0 | D:1      | Reached XP level 1. HP: 11/11 MP: 2/2
    78 | D:1      | Reached XP level 2. HP: 12/16 MP: 3/3
   812 | D:1      | Reached XP level 3. HP: 20/20 MP: 4/4
   859 | D:1      | Found a faded altar of an unknown god.
  1283 | D:2      | Gained mutation: Your natural rate of healing is unusually
                  | fast. [Vine Stalker growth]
  1283 | D:2      | Reached XP level 4. HP: 7/24 MP: 2/5
  2226 | D:3      | Reached skill level 3 in Unarmed Combat
  2418 | D:3      | Reached XP level 5. HP: 28/28 MP: 6/6
  2427 | D:3      | Found a sacrificial altar of Ru.
  2431 | D:3      | Found a hazy altar of Hepliaklqana.
  2734 | D:5      | Entered Level 5 of the Dungeon
  2734 | D:5      | Noticed an ogre
  2742 | D:4      | Reached skill level 1 in Dodging
  2742 | D:4      | Reached XP level 6. HP: 29/33 MP: 7/7
  2791 | D:4      | Reached skill level 4 in Unarmed Combat
  2827 | D:4      | Found Emmawkeq's General Store.
  2827 | D:4      | Found Saprav's Specific Store.
  2839 | D:4      | Bought a scroll of identify for 24 gold pieces
  2979 | D:4      | Reached XP level 7. HP: 37/37 MP: 8/8
  3137 | D:5      | Reached skill level 5 in Unarmed Combat
  3275 | D:5      | Noticed Ijyb
  3312 | D:5      | Killed Ijyb
  4030 | D:5      | Found a staircase to the Ecumenical Temple.
  4038 | Temple   | Entered the Ecumenical Temple
  4200 | Temple   | Became a worshipper of Cheibriados the Contemplative
  4420 | D:6      | Slain by an orc

Illustrated notes

Levels and vault maps discovered:
D:1:      elethiomel_arrival_quiet, layout_rooms,
          hellmonk_ecumenical_altar_inner_sanctum
D:2:      layout_basic, serial_forest, infiniplex_forest_clump_medium,
          infiniplex_forest_lined_2, infiniplex_forest_end_2,
          infiniplex_forest_end_1, infiniplex_forest_straight_3, minmay_cupped
D:3:      layout_basic, jmf_multi_god_temple, nicolae_overflow_hidden_temple
D:4:      cheibrodos_fertilizer, layout_gridville, kennysheep_another_room,
          hangedman_feature_mirror, nicolae_specific_store,
          minmay_misc_feat_more_columns
D:5:      layout_basic, minmay_temple_entry_fiery, dreamdust_princess_bridge,
          uniq_ijyb
D:6:      layout_cave_pods, serial_shops, nicolae_stop_n_shop_1,
          gammafunk_ghost_nasty_kobolds, nicolae_shop_unique_rings,
          chequers_serial_rivers_room_b, columned_hall_lemuel,
          kennysheep_windowed_goal
Temple:   mainiacjoe_temple_coin_purse

Skill      XL: |  1  2  3  4  5  6  7 |
---------------+----------------------+-----
Fighting       | 3 |  3.9
Shields        | 3 |  3.6
Unarmed Combat | 3 4 5 |  5.9
Armour         | 3 |  3.8
Dodging        | 1 |  1.5
Stealth        | |  0.7

Action                   |  1- 3 |  4- 6 |  7- 9 || total
-------------------------+-------+-------+-------++-------
Melee: Unarmed           |   108 |   417 |    99 ||   624
       Bite              |    20 |   158 |    17 ||   195
  Use: Scroll            |       |     9 |       ||     9
       Potion            |       |       |     1 ||     1
Armor: Scale mail        |    34 |    88 |     9 ||   131
       Chain mail        |       |       |    22 ||    22
Dodge: Dodged            |    37 |    90 |    42 ||   169
Block: Buckler           |    16 |    55 |    13 ||    84

Table legend: (Time is in decaauts)
 A = Elapsed time spent in this place.
 B = Non-inter-level travel time spent in this place.
 C = Inter-level travel time spent in this place.
 D = Time resting spent in this place.
 E = Time spent auto-exploring this place.
 F = Levels seen in this place.
 G = Mean time per level.
                   A        B        C        D        E       F      G
               +--------+--------+--------+--------+--------+-----+--------+
         Total |   4457 |   4334 |    123 |     28 |   3113 |   7 |  636.7 |
       Dungeon |   4279 |   4172 |    107 |     28 |   3113 |   6 |  713.2 |
        Temple |    177 |    161 |     16 |      0 |      0 |   1 |  177.0 |
               +--------+--------+--------+--------+--------+-----+--------+

Top non-repeatable levels by time:
     D:1: 1033 daAuts
     D:2: 991 daAuts
     D:5: 947 daAuts
     D:3: 598 daAuts
     D:4: 504 daAuts
     D:6: 203 daAuts
  Temple: 177 daAuts
